 Dungeon Crawl Stone Soup version 0.25-a0-1079-g858b6a6ff6 (webtiles) character file.

Game seed: 8677605389819042601, levelgen mode: deterministic

8949 HoaS the Grappler (level 11, -8/76 HPs)
             Began as a Gargoyle Gladiator on May 15, 2020.
             Was a Priest of Okawaru.
             Mangled by a large abomination (10 damage)
             ... on level 9 of the Dungeon.
             The game lasted 00:23:45 (11107 turns).

HoaS the Grappler (Gargoyle Gladiator)             Turns: 11107, Time: 00:23:46

Health: -8/76      AC: 29    Str: 17    XL:     11   Next: 38%
Magic:  14/15      EV:  8    Int: 10    God:    Okawaru [***...]
Gold:   592        SH:  0    Dex: 14    Spells: 10/10 levels left

rFire    . . .     SeeInvis +     - Unarmed
rCold    . . .     Gourm    .   (no shield)
rNeg     + . .     Faith    .   E - +0 plate armour
rPois    ∞         Spirit   .   b - +1 helmet
rElec    +         Reflect  .   A - +0 cloak
rCorr    .         Harm     .   (no gloves)
MR       .....                  (no boots)
Stlth    ..........             (no amulet)
HPRegen  0.22/turn              n - +4 ring of protection
MPRegen  0.14/turn              C - ring of see invisible

@: heroism
A: negative energy resistance 1, electricity resistance, unbreathing,
petrification resistance, rot immunity, AC +8
a: Heroism, Renounce Religion


You were on level 9 of the Dungeon.
You worshipped Okawaru.
Okawaru was most pleased with you.
You were not hungry.

You visited 2 branches of the dungeon, and saw 11 of its levels.

You collected 592 gold pieces.

Inventory:

Missiles
 a - 32 poisoned darts
 c - 4 throwing nets (quivered)
 p - 3 curare-tipped darts
Armour
 b - a +1 helmet (worn)
 A - a +0 cloak (worn)
 E - a +0 plate armour (worn)
Jewellery
 i - an uncursed ring of flight
 n - a +4 ring of protection (left hand)
 C - a ring of see invisible (right hand)
Wands
 m - a wand of random effects (14)
 r - a wand of enslavement (5)
 s - a wand of paralysis (7)
Scrolls
 h - 2 scrolls of identify
 o - 2 scrolls of remove curse
 u - 2 scrolls of enchant armour
 x - 4 scrolls of teleportation
 y - a scroll of blinking
 D - a scroll of fear
 F - 2 scrolls of magic mapping
 H - a scroll of fog
Potions
 e - a potion of resistance {unknown}
 f - 3 potions of mutation {unknown}
 g - 2 potions of ambrosia {unknown}
 j - 3 potions of heal wounds
 k - 5 potions of flight
 l - a potion of stabbing {unknown}
 q - 3 potions of curing
 t - a potion of degeneration {unknown}
 v - a potion of might {unknown}
 w - a potion of invisibility {unknown}
 z - a potion of lignification {unknown}
 B - 2 potions of brilliance {unknown}
Comestibles
 d - 19 rations


   Skills:
 + Level 11.9(16.9) Fighting
 - Level 1.7(6.7) Throwing
 - Level 3.0(8.0) Armour
 - Level 2.4(7.4) Dodging
 - Level 12.0(17.0) Unarmed Combat
 + Level 6.5 Invocations


You had 10 spell levels left.
You didn't know any spells.
Your spell library was empty.

Dungeon Overview and Level Annotations

Branches:
Dungeon (10/15)            Temple (1/1) D:6            Lair (0/6) D:9
    Orc: D:9-12

Altars:
Ashenzari
Cheibriados
Dithmenos
Elyvilon
Fedhas
Gozag
Hepliaklqana
Kikubaaqudgha
Makhleb
Nemelex Xobeh
Okawaru
Qazlal
Ru
Sif Muna
Trog
Uskayaw
Vehumet
Wu Jian
Xom
Yredelemnul
Zin
The Shining One

Shops:
D:6 (   D:8 *


Innate Abilities, Weirdness & Mutations

You are resistant to torment.
Your stone body is resilient. (AC +8)
You are immune to poison.
You resist negative energy. (rN+)
You are resistant to electric shocks. (rElec)
You can survive without breathing.
You are immune to petrification.
You are immune to rotting.


Message History

Okawaru will now gift you ammunition as you gain piety.
You punch the large abomination!
The large abomination is lightly damaged.
The large abomination hits you!!
* * * LOW HITPOINT WARNING * * *
You punch the large abomination!
The large abomination is heavily damaged.
You completely miss the large abomination.
The large abomination is heavily damaged.
The large abomination hits you!
* * * LOW HITPOINT WARNING * * *
You punch the large abomination!
The large abomination is heavily damaged.
The large abomination hits you but does no damage.
You hit the large abomination but do no damage.
The large abomination is heavily damaged.
You hit the large abomination.
The large abomination is severely damaged.
The large abomination hits you!
You die...

#..###.## #.#
#.##.###....... ##.##
##.## #.# #.##.#
#....... ..## ##.# #.#
#.##.# ###.###. #.# #.#
#.# #.##.# #.# #. #<###
##.# #.# #.##.### #.#
#. ##..# ##>## #.#
#.##...# #.# ##
##.###.## ##.##
#.####.###.# #
##...####
#.>.####.##.......# ##
#.....##
#.#.X@......#.#######.
.......###
#...####.####.######.#
..._.....# ##### #..#
#.......## .......#.#
####.## ########.#
#.....##.## #....# ##.
##...##...# ###.##.# ##
###.#########.....###
#......####.........##
#..##....#.........(.##
######


You could see a large abomination.

Vanquished Creatures
  Erica (D:9)
  A wizard (D:10)
  An elephant (D:9)
  A troll (D:8)
  A hippogriff (D:9)
  2 large abominations
  Prince Ribbit (D:4)
  The ghost of UristMcRaven the Conjurer, an amateur DECj of Ashenzari (D:4)
  5 yaks (D:9)
  2 basilisks (D:9)
  2 water moccasins
  4 black bears
  A hornet zombie (D:7)
  4 orc warriors
  3 sky beasts
  An ice beast (D:6)
  5 centaurs
  5 ogres
  A crocodile (D:10)
  3 small abominations
  2 bullfrogs (D:8)
  A gnoll sergeant (D:9)
  2 scorpions
  5 killer bees (D:9)
  13 wights
  4 howler monkeys
  3 crimson imps (D:6)
  A bullfrog zombie (D:9)
  5 quasits
  2 jellies (D:9)
  A gnoll shaman (D:8)
  Crazy Yiuf (D:7)
  2 centaur skeletons
  6 hounds
  2 orc priests
  6 orc wizards
  7 worker ants
  Ijyb (D:4)
  Natasha (thrice) (D:4)
  An iguana (D:8)
  A worker ant zombie (D:6)
  7 adders
  22 gnolls
  A shadow imp (D:10)
  An ooze (D:1)
  2 adder zombies
  An adder skeleton (D:5)
  A worm (D:2)
  3 dart slugs (D:1)
  5 leopard geckos
  25 orcs
  3 ball pythons
  8 bats
  6 giant cockroaches
  7 goblins
  4 hobgoblins (D:2)
  14 jackals
  9 kobolds
  4 quokkas
  5 frilled lizards
  2 jackal zombies (D:5)
  2 leopard gecko skeletons (D:4)
  A leopard gecko zombie (D:5)
  5 rats
  2 fungi (D:7)
254 creatures vanquished.

Notes
Turn   | Place    | Note
-------+----------+-------------------------------------------
     0 | D:1      | HoaS the Gargoyle Gladiator began the quest for the Orb.
     0 | D:1      | Reached XP level 1. HP: 12/12 MP: 1/1
   165 | D:1      | Reached XP level 2. HP: 17/18 MP: 2/2
   483 | D:1      | Reached skill level 1 in Armour
   760 | D:1      | Reached XP level 3. HP: 22/22 MP: 3/3
  1146 | D:2      | Found an opulent altar of Gozag.
  1272 | D:2      | Reached skill level 4 in Unarmed Combat
  1272 | D:2      | Reached XP level 4. HP: 21/28 MP: 4/4
  1401 | D:2      | Found an opulent altar of Gozag.
  2065 | D:3      | You fall into a shaft and drop 3 floors!
  2065 | D:6      | Found a staircase to the Ecumenical Temple.
  2065 | D:6      | Found a stormy altar of Qazlal.
  2071 | Temple   | Entered the Ecumenical Temple
  2186 | D:6      | Reached XP level 5. HP: 30/32 MP: 5/5
  2283 | D:5      | Entered Level 5 of the Dungeon
  2317 | D:4      | Reached skill level 5 in Unarmed Combat
  2317 | D:4      | Reached XP level 6. HP: 38/38 MP: 6/6
  3293 | D:4      | Found a transporter.
  3294 | D:4      | Noticed UristMcRaven's ghost (amateur DECj)
  3386 | D:4      | Noticed Ijyb
  3399 | D:4      | Killed Ijyb
  3399 | D:4      | Reached skill level 6 in Unarmed Combat
  3399 | D:4      | Reached XP level 7. HP: 44/44 MP: 7/7
  3508 | D:4      | Found a transporter.
  3636 | D:4      | Noticed Natasha
  3645 | D:4      | Killed Natasha
  3688 | D:4      | Found an ornate altar of the Wu Jian Council.
  4094 | D:4      | Noticed Natasha
  4102 | D:4      | Killed Natasha
  4208 | D:5      | Noticed Prince Ribbit
  4248 | D:4      | Noticed Natasha
  4256 | D:4      | Killed Natasha
  4256 | D:4      | Reached skill level 5 in Fighting
  4374 | D:4      | Killed Prince Ribbit
  4374 | D:4      | Reached skill level 7 in Unarmed Combat
  4499 | D:5      | Reached XP level 8. HP: 50/50 MP: 8/8
  4905 | D:5      | Found a hide-covered altar of Uskayaw.
  4921 | D:5      | Noticed a +0 hand axe
  4921 | D:5      | Noticed a +0 hand axe
  5158 | D:6      | Found Ynwoneh's Weapon Shop.
  5244 | D:6      | Reached skill level 8 in Unarmed Combat
  6016 | D:6      | Reached skill level 9 in Unarmed Combat
  6590 | D:7      | Reached XP level 9. HP: 54/57 MP: 9/9
  6860 | D:7      | Found a shimmering altar of Xom.
  6861 | D:7      | Found a shimmering blue altar of Sif Muna.
  7185 | D:7      | Reached skill level 10 in Unarmed Combat
  7528 | D:7      | Found a runed translucent door.
  7529 | D:7      | Noticed Crazy Yiuf
  7534 | D:7      | Killed Crazy Yiuf
  7716 | D:4      | Killed UristMcRaven's ghost
  7996 | D:8      | Found a shattered altar of Ashenzari.
  8063 | D:8      | You fall into a shaft and drop 1 floor!
  8205 | D:8      | Reached skill level 11 in Unarmed Combat
  8311 | D:8      | Found Ireriekk's General Store.
  8404 | D:8      | Noticed a troll
  8433 | D:8      | Killed a troll
  8433 | D:8      | Reached XP level 10. HP: 29/65 MP: 10/10
  8696 | D:8      | Found a glowing silver altar of Zin.
  8696 | D:8      | Found a glowing golden altar of the Shining One.
  8697 | D:8      | Found a white marble altar of Elyvilon.
  9199 | D:9      | Noticed an elephant
  9239 | D:9      | Killed an elephant
  9240 | D:9      | Reached skill level 12 in Unarmed Combat
  9255 | D:9      | Found a staircase to the Lair.
  9457 | D:9      | Reached skill level 10 in Fighting
  9558 | D:9      | Found an iron altar of Okawaru.
  9561 | D:9      | Became a worshipper of Warmaster Okawaru
  9567 | D:9      | Found a sparkling altar of Nemelex Xobeh.
  9642 | D:9      | Found a burning altar of Makhleb.
  9683 | D:9      | Noticed Erica
  9699 | D:9      | Killed Erica
  9776 | D:9      | Reached * piety under Okawaru
 10071 | D:9      | Reached XP level 11. HP: 64/74 MP: 14/14
 10159 | D:9      | Reached ** piety under Okawaru
 10234 | D:9      | Reached skill level 5 in Invocations
 10386 | D:10     | Entered Level 10 of the Dungeon
 10767 | D:10     | Noticed a wizard
 10785 | D:10     | Paralysed by a wizard for 3 turns
 10789 | D:10     | Killed a wizard
 10916 | D:10     | Noticed a large abomination
 10932 | D:10     | Noticed a large abomination
 10976 | D:9      | Reached *** piety under Okawaru
 11104 | D:9      | HP: 1/76 [large abomination (7)]
 11107 | D:9      | Mangled by a large abomination

Illustrated notes

Levels and vault maps discovered:
D:1:      lemuel_arrival_cross, layout_basic, item_on_display_b
D:2:      cheibrodos_old_hovel, layout_loops_corners, overflow_temple_1_default,
          first_ration, grunt_gozag_breadcrumbs
D:3:      lemuel_upstairs_altar, layout_loops_ring
D:4:      layout_layer_cave, old_standard_altar, gammafunk_ghost_stat_death,
          uniq_ijyb, uniq_natasha
D:5:      layout_basic, dancing_weapons_uskayaw, gup_sewer_entry_glass,
          uniq_prince_ribbit1
D:6:      layout_layer_cave, minmay_temple_entry_mist, serial_shops,
          nicolae_shop_stone, corexii_corridor_pit,
          nicolae_qazlal_general_emergency
D:7:      black_bear_nest_2, layout_basic, gammafunk_temple_overflow_statue,
          uniq_crazy_yiuf_cottage
D:8:      layout_basic, good_gods_temple_1, nicolae_ashenzari_panopticon,
          serial_shops, nicolae_shop_stone
D:9:      layout_loops_ring, lemuel_round_altar, minitemple, david_lair_generic,
          uniq_erica
D:10:     layout_irregular_city, grunt_livestock, laboratory
Temple:   compressed_dpeg_circular_temple

Skill      XL: |  1  2  3  4  5  6  7  8  9 10 11 |
---------------+----------------------------------+-----
Armour         | 1 2 3 |  3.0
Fighting       | 3 4 5 7 8 11 | 11.9
Unarmed Combat | 4 5 6 7 9 11 12 | 12.0
Invocations    | 4 6 |  6.5
Throwing       | |  1.7
Dodging        | |  2.4

Action                   |  1- 3 |  4- 6 |  7- 9 | 10-12 || total
-------------------------+-------+-------+-------+-------++-------
Melee: Unarmed           |   109 |   244 |   489 |   368 ||  1210
       Punch             |     2 |     6 |    17 |    17 ||    42
Throw: Throwing net      |       |       |     1 |     1 ||     2
Invok: Heroism           |       |       |       |     2 ||     2
Evoke: Wand              |       |       |     3 |     1 ||     4
  Use: Scroll            |       |     8 |     7 |     2 ||    17
 Stab: Sleeping          |     1 |       |       |       ||     1
       Held in net/web   |       |       |     1 |       ||     1
  Eat: Chunk             |     1 |     7 |    13 |     9 ||    30
       Ration            |       |       |     1 |       ||     1
Armor: Leather armour    |    27 |       |       |       ||    27
       Chain mail        |    26 |   170 |   323 |     5 ||   524
       Plate armour      |       |       |       |   244 ||   244
Dodge: Dodged            |    65 |    85 |   188 |    95 ||   433

Table legend:
 A = Non-vault XP
 B = Vault XP
 C = Vault XP percentage of total XP
 D = Non-vault monster count
 E = Vault monster count
 F = Vault count percentage of total count
                 A         B        C        D         E       F
            +---------+---------+-------+---------+---------+-------
      Total |    8205 |    4580 |  35.8 |     228 |      24 |   9.5
            +---------+---------+-------+---------+---------+-------
        D:1 |      35 |       0 |   0.0 |      14 |       0 |   0.0
        D:2 |     113 |       3 |   2.6 |      31 |       1 |   3.1
        D:3 |      84 |       0 |   0.0 |      20 |       0 |   0.0
        D:4 |     428 |     711 |  62.4 |      12 |       8 |  40.0
        D:5 |     393 |      15 |   3.7 |      16 |       2 |  11.1
        D:6 |     822 |       0 |   0.0 |      28 |       0 |   0.0
        D:7 |     839 |     166 |  16.5 |      18 |       2 |  10.0
        D:8 |    1728 |       0 |   0.0 |      36 |       0 |   0.0
        D:9 |    2619 |    2619 |  50.0 |      36 |       8 |  18.2
       D:10 |    1144 |    1066 |  48.2 |      17 |       3 |  15.0
            +---------+---------+-------+---------+---------+-------
